 Dungeon Crawl Stone Soup version 0.32-a0-612-g1c984fe9d1 (webtiles) character file.

Game seed: 13612630715285272673

116 ASSMAN the Shooter (level 5, 0/38 HPs)
             Began as a Coglin Hunter on Mar 5, 2024.
             Slain by an orc wizard
             ... wielding a +0 dagger
              (2 damage)
             ... on level 3 of the Dungeon.
             The game lasted 00:06:57 (1259 turns).

ASSMAN the Shooter (Coglin Hunter)                  Turns: 1259, Time: 00:06:57

Health: 0/38       AC:  3    Str: 11    XL:     5   Next: 1%
Magic:  5/5        EV: 12    Int: 10    God:
Gold:   114        SH:  0    Dex: 18    Spells: 3/4 levels left

rFire   . . .        a - +2 sling {Armando}
rCold   . . .        d - +0 sling {Haeun}
rNeg    . . .        c - +0 leather armour
rPois   .            (no helmet)
rElec   .            (no cloak)
rCorr   .            (no gloves)
SInv    .            (no boots)
Will    .....        (amulet unavailable)
Stlth   ++           (ring unavailable)
HPRegen 0.26/turn    (ring unavailable)
MPRegen 0.09/turn    (no gizmo)

%: no passive effects
@: hasted, revved, very quick
A: off-hand wielding, slow wielding, warmup strikes, no jewellery
a: Invent Gizmo


You were on level 3 of the Dungeon.
You visited 1 branch of the dungeon, and saw 3 of its levels.

You collected 114 gold pieces.

Inventory:

Hand Weapons
 a - a +2 sling (weapon) {Armando}
 d - a +0 sling (offhand) {Haeun}
 l - a +0 short sword
 m - the +11 dagger of Jessehah {pain, ^Contam Fly rPois Str+6}
   (You found it on level 3 of the Dungeon)

   Str+6:     It affects your strength (+6).
   rPois:     It protects you from poison.
   Fly:       It grants you flight.
   ^Contam:   It causes magical contamination when unequipped.
 n - a +2 demon whip of flaming
Missiles
 q - 2 throwing nets
Armour
 c - a +0 leather armour (worn)
Wands
 t - a wand of polymorph (14)
Scrolls
 b - a scroll of butterflies
 h - a scroll of revelation {unknown}
 i - 3 scrolls of identify {unknown}
 j - a scroll of immolation {unknown}
 o - 2 scrolls of vulnerability {unknown}
 r - a scroll of brand weapon {unknown}
Potions
 e - a potion of haste
 f - 3 potions of magic
 g - a potion of curing {unknown}
 k - 3 potions of lignification {unknown}
 p - a potion of might {unknown}
 s - a potion of degeneration {unknown}


   Skills:
 - Level 2.0 Fighting
 + Level 5.6 Ranged Weapons
 - Level 1.7 Dodging
 - Level 0.7 Stealth


You had 3 spell levels left.
You knew the following spells:

 Your Spells              Type           Power      Damage    Failure   Level
a - Apportation           Tloc           0%         N/A       45%         1

Your spell library contained the following spells:

 Spells                   Type           Power      Damage    Failure   Level
 Magic Dart               Conj           0%         1d3       45%         1
 Necrotise                Necr           0%         1d4       45%         1
 Sting                    Conj/Alch      0%         1d3       45%         1
 Summon Small Mammal      Summ           0%         N/A       45%         1
 Searing Ray              Conj           0%         2d4       58%         2
 Fulminant Prism          Conj/Alch      0%         3d5       99%         4


Dungeon Overview and Level Annotations

Branches:
Dungeon (3/15)

Altars:

Shops:
D:1 *


Innate Abilities, Weirdness & Mutations

You can wield a second weapon in your off-hand.
It takes a long time for you to wield or remove held weapons.
Your first few attacks do less damage.
You cannot equip rings or amulets.


Message History

You feel less confused. Something hits you.
The orc hits you with a +0 hand axe.
Fire: a) +2 sling {Armando}
Press: ? - help, Q - select action, (/) - cycle Shift-Dir - straight line, f - orc
Aim: an orc, wielding a +0 hand axe and wearing a +0 leather armour (64% to hit)
You shoot a sling bullet.
The sling bullet hits the orc but does no damage.
You shoot a sling bullet. The sling bullet hits the orc!
You kill the orc!
The hobgoblin closely misses you. The orc barely misses you.
Something hits you.
You have reached level 5!
Fire: a) +2 sling {Armando}
Press: ? - help, Q - select action, (/) - cycle Shift-Dir - straight line, f - orc
Aim: an orc, wielding a +0 short sword and wearing a +0 scale mail (68% to hit)
You shoot a sling bullet. The sling bullet hits the orc.
The orc is heavily wounded.
You shoot a sling bullet. The sling bullet barely misses the orc.
The hobgoblin hits you. Something hits you.
The orc hits you with a +0 short sword.
Fire: a) +2 sling {Armando}
Press: ? - help, Q - select action, (/) - cycle Shift-Dir - straight line, f/p - orc
Aim: an orc, wielding a +0 short sword and wearing a +0 scale mail (heavily wounded, 68% to hit)
You shoot a sling bullet. The sling bullet barely misses the orc.
You shoot a sling bullet.
The sling bullet closely misses the orc.
The hobgoblin hits you.
You hear some strange, mumbled words.
A magic dart appears from out of thin air!
The magic dart hits you.
* * * LOW HITPOINT WARNING * * *
The orc closely misses you.
It was a potion of magic.
Magic courses through your body. The hobgoblin closely misses you.
Something hits you.
* * * LOW HITPOINT WARNING * * *
The orc hits you with a +0 short sword.
* * * LOW HITPOINT WARNING * * *
It was a potion of haste.
You feel yourself speed up. The hobgoblin closely misses you.
Something hits you.
You die...

..)..#...#..####
.....# #.
.#####.#.#..#
...#..## #.
)#...#.#....# ##
#####.## #.
.)..)#.##.... ..
###.#♣# #.
.#..)#.##.#.###.
#...~~♣## #.
.##)##.##.#.###.
#..~~~~~# #. ..#..#
.#.##.o######..~~~~~#
#. ..#..#
.....wgo##.....♣P~~~♣
#. ..####
#@{......P~~P~♣##.
...
####.P...~~~P~~##.
####
....~~....~≈~~~##.
###♣~P~...P~≈≈~♣..
♣~~....~~≈≈~~~.
♣P~~..~~~≈~~~♣.
♣♣~P...~~~P~~♣.
♣♣~~...~~~~~~♣#
♣~~~...~~PP~~~#


You could see a ribbon worm, 2 orcs and a hobgoblin.

Vanquished Creatures
  Robin (D:3)
  2 dart slugs (D:2)
  4 orcs (D:3)
  10 ball pythons
  6 endoplasms
  4 giant cockroaches
  14 hobgoblins
  3 jackals (D:1)
  3 quokkas
  7 bats
  2 frilled lizards
  14 goblins
  10 kobolds
  7 rats
87 creatures vanquished.

Notes
Turn   | Place    | Note
-------+----------+-------------------------------------------
     0 | D:1      | ASSMAN the Coglin Hunter began the quest for the Orb.
     0 | D:1      | Reached XP level 1. HP: 16/16 MP: 1/1
    48 | D:1      | Reached skill level 4 in Ranged Weapons
    48 | D:1      | Reached XP level 2. HP: 20/22 MP: 2/2
   134 | D:1      | Found Rudolisch's Assorted Antiques.
   152 | D:1      | Learned a level 1 spell: Apportation
   154 | D:1      | Reached XP level 3. HP: 27/27 MP: 3/3
   267 | D:1      | Found a faded altar of an unknown god.
   698 | D:2      | Reached skill level 5 in Ranged Weapons
   700 | D:2      | Reached XP level 4. HP: 33/33 MP: 4/4
   975 | D:3      | Identified the +11 dagger of Jessehah {pain, ^Contam Fly
                  | rPois Str+6}
  1152 | D:3      | Noticed Robin
  1185 | D:3      | Killed Robin
  1256 | D:3      | Reached XP level 5. HP: 21/38 MP: 5/5
  1259 | D:3      | Slain by an orc wizard

Illustrated notes

Levels and vault maps discovered:
D:1:      dpeg_arrival_concentric_ovals, layout_rooms, serial_shops,
          nicolae_diamond_shop, basic_ecumenical_altar
D:2:      layout_basic, amcnicky_mini_pool_small
D:3:      corexii_shack_village, layout_rooms, okawaru_metal_pillars_3,
          serial_bayou, serial_bayou_lagoon_a, serial_bayou_pond_d,
          serial_bayou_ford_a, serial_bayou_pond_b, uniq_grinder, uniq_robin

Skill      XL: |  1  2  3 |
---------------+----------+-----
Ranged Weapons | 4 5 |  5.6
Fighting       | |  2.0
Dodging        | |  1.7
Stealth        | |  0.7

Action                     |  1- 3 |  4- 6 || total
---------------------------+-------+-------++-------
  Melee: Unarmed           |       |     6 ||     6
   Fire: Sling             |   172 |   132 ||   304
    Use: Potion            |       |     2 ||     2
 Armour: Leather armour    |    11 |    32 ||    43
         Skin              |       |     9 ||     9
  Dodge: Dodged            |     7 |    36 ||    43

Table legend: (Time is in decaauts)
 A = Elapsed time spent in this place.
 B = Non-inter-level travel time spent in this place.
 C = Inter-level travel time spent in this place.
 D = Time resting spent in this place.
 E = Time spent auto-exploring this place.
 F = Levels seen in this place.
 G = Mean time per level.
                   A        B        C        D        E       F      G
               +--------+--------+--------+--------+--------+-----+--------+
         Total |   1291 |   1252 |     39 |      0 |    941 |   3 |  430.3 |
       Dungeon |   1291 |   1252 |     39 |      0 |    941 |   3 |  430.3 |
               +--------+--------+--------+--------+--------+-----+--------+

Top non-repeatable levels by time:
     D:1: 518 daAuts
     D:2: 432 daAuts
     D:3: 341 daAuts
